 Dungeon Crawl Stone Soup version 0.30-a0-360-g447f08457e (webtiles) character file.

Game seed: 4588741860452189943

431 Lobster4 the Shooter (level 6, -2/53 HPs)
             Began as a Minotaur Hunter on Nov 13, 2022.
             Slain by a jelly (3 damage)
             ... on level 3 of the Dungeon.
             The game lasted 00:06:38 (2847 turns).

Lobster4 the Shooter (Minotaur Hunter)              Turns: 2847, Time: 00:06:38

Health: -2/53      AC: -15   Str: 15    XL:     6   Next: 66%
Magic:  5/5        EV: 14    Int:  6    God:
Gold:   314        SH:  0    Dex: 16    Spells: 5/5 levels left

rFire   + . .      SeeInvis .    a - +0 shortbow
rCold   + . .      Faith    .    (shield currently unavailable)
rNeg    . . .      Spirit   .    t - +2 robe {rC+ rF+}
rPois   .          Reflect  .    (helmet restricted)
rElec   .          Harm     .    (no cloak)
rCorr   .          Rampage  .    (no gloves)
Will    .....                    (no boots)
Stlth   ++........               (no amulet)
HPRegen 0.28/turn                (no ring)
MPRegen 0.09/turn                (no ring)

@: corroded
A: horns 2, retaliatory headbutt
a: no special abilities


You were on level 3 of the Dungeon.
You visited 2 branches of the dungeon, and saw 5 of its levels.

You collected 314 gold pieces.

Inventory:

Hand Weapons
 a - a +0 shortbow (weapon)
 b - a +2 dagger of venom
 g - a +0 dagger
 n - a +0 sling
 v - a +0 short sword
Missiles
 d - 38 stones
 y - 3 javelins
 A - 3 boomerangs
Armour
 c - a +0 leather armour
 f - a +1 ring mail
 t - a +2 robe of resistance (worn)
Jewellery
 s - a ring of protection from cold
 x - a +6 ring of dexterity
Wands
 z - a wand of light (9)
Scrolls
 j - 2 scrolls of teleportation
 k - a scroll of magic mapping
 m - 2 scrolls of immolation
 o - a scroll of poison {unknown}
 q - a scroll of blinking
 r - a scroll of enchant armour
 u - a scroll of vulnerability {unknown}
 B - a scroll of fog {unknown}
 C - a scroll of fear {unknown}
Potions
 h - 2 potions of flight {unknown}
 i - a potion of heal wounds
 p - 4 potions of curing
 w - a potion of ambrosia


   Skills:
 + Level 4.5 Fighting
 * Level 6.7 Ranged Weapons
 + Level 0.7 Throwing
 + Level 1.6 Armour
 + Level 4.1 Dodging
 - Level 1.0 Stealth
 + Level 0.5 Evocations


You had 5 spell levels left.
You didn't know any spells.
Your spell library contained the following spells:

 Spells                   Type           Power      Damage    Failure   Level
 Foxfire                  Conj/Fire      0%         2x1d4     45%         1
 Freeze                   Ice            0%         1d3       45%         1
 Kiss of Death            Conj/Necr      0%         2d5       45%         1
 Necrotise                Necr           0%         1d4       45%         1
 Cigotuvi's Dreadful Rot  Necr/Pois/Air  0%         N/A       58%         2
 Ensorcelled Hibernation  Hex/Ice        0%         N/A       58%         2
 Sublimation of Blood     Necr           0%         N/A       58%         2
 Wereblood                Tmut           0%         N/A       58%         2
 Confusing Touch          Hex            0%         N/A       83%         3
 Spider Form              Tmut/Pois      0%         N/A       83%         3
 Anguish                  Hex/Necr       0%         N/A       99%         4
 Dispel Undead            Necr           0%         3d6       99%         4
 Death Channel            Necr           0%         N/A       100%        6
 Summon Hydra             Summ           0%         N/A       100%        7


Dungeon Overview and Level Annotations

Branches:
Dungeon (4/15)             Temple (1/1) D:4

Altars:
Ashenzari
Cheibriados
Dithmenos
Elyvilon
Fedhas
Gozag
Makhleb
Ru
Trog
Wu Jian
Xom
The Shining One

Shops:
D:2 (   D:4 *

Annotations:
D:4 Edmund


Innate Abilities, Weirdness & Mutations

You have a pair of horns on your head.
You reflexively headbutt those who attack you in melee.


Message History

The jelly closely misses you. You furiously retaliate!
You headbutt the jelly, but do no damage.
You climb upwards.
There is a stone staircase leading down here.
You shoot an arrow.
The arrow hits the jelly but does no damage.
The jelly is severely wounded.
The jelly hits you. The acid corrodes you!
You are splashed with acid!
The jelly hits you.
You are splashed with acid!
* * * LOW HITPOINT WARNING * * *
You shoot an arrow.
The arrow hits the jelly but does no damage.
The jelly is severely wounded.
The jelly barely misses you.
You shoot an arrow.
The arrow hits the jelly but does no damage.
The jelly is severely wounded.
The jelly barely misses you.
You feel much better. The jelly hits you. The acid corrodes you!
You are splashed with acid!
You shoot an arrow.
The arrow hits the jelly but does no damage.
The jelly is severely wounded.
The jelly hits you. The acid corrodes you!
You are splashed with acid!
* * * LOW HITPOINT WARNING * * *
You shoot an arrow.
The arrow hits the jelly but does no damage.
The jelly is severely wounded.
The jelly barely misses you.
You shoot an arrow. The arrow hits the jelly.
The jelly is almost dead.
The jelly hits you.
* * * LOW HITPOINT WARNING * * *
The acid corrodes you!
You are splashed with acid!
* * * LOW HITPOINT WARNING * * *
You shoot an arrow.
The arrow hits the jelly but does no damage.
The jelly is almost dead.
The jelly hits you.
You die...

#.#.#
#...##.###.###########.#
##.#.#####..##.....# #.#
....>.......####..## #.#
............# #..######
#.# .#.#.#####.##
#.......# #.# ...#.# #.#
#.#####.# #.# .###.# #.#
#.# #.# #.# .....# #.# #.#
#.# #.# #.#### #.#
#@#####.# #.##
...#######.#####J....#.#
#..#
.#.)..<................###
#.>#
...###.###...#######.....#
#..# #.## #.# ###.#
#..##.# #..# #.# #.# #.#
#..##.# #..# #.# #.# #.#
#..##.# #..# #.# #.# #.#
####..##.# #..# #.# #.#
##.####.##.....# #..#


You could see a jelly.

Vanquished Creatures
  Sigmund (D:2)
  An ogre (D:4)
  A jelly (D:4)
  Jessica (D:3)
  An orc wizard (D:4)
  A gnoll (D:4)
  5 adders
  3 orcs (D:4)
  3 bats
  9 endoplasms
  2 giant cockroaches (D:1)
  3 goblins
  5 hobgoblins
  6 kobolds
  3 quokkas
  6 ball pythons
  3 frilled lizards
  4 rats
58 creatures vanquished.

Notes
Turn   | Place    | Note
-------+----------+-------------------------------------------
     0 | D:1      | Lobster4 the Minotaur Hunter began the quest for the Orb.
     0 | D:1      | Reached XP level 1. HP: 18/18 MP: 0/0
   171 | D:1      | Reached skill level 1 in Stealth
   234 | D:1      | Reached XP level 2. HP: 25/25 MP: 1/1
   360 | D:1      | Found a faded altar of an unknown god.
   983 | D:2      | Reached XP level 3. HP: 26/30 MP: 2/2
  1012 | D:2      | Got So You Want to Learn Wizarding
  1029 | D:2      | Found Ygowk's Weapon Boutique.
  1071 | D:2      | Reached skill level 5 in Ranged Weapons
  1325 | D:2      | Noticed Sigmund
  1336 | D:2      | Killed Sigmund
  1337 | D:2      | Reached skill level 6 in Ranged Weapons
  1337 | D:2      | Reached XP level 4. HP: 18/40 MP: 3/3
  1337 | D:2      | Reached XP level 5. HP: 21/46 MP: 4/4
  1749 | D:3      | Noticed Jessica
  1767 | D:3      | Killed Jessica
  1977 | D:3      | Found a glowing golden altar of the Shining One.
  2135 | D:3      | Found an ornate altar of the Wu Jian Council.
  2239 | D:4      | Found Bidghiquo's Assorted Antiques.
  2306 | D:4      | Reached skill level 1 in Armour
  2306 | D:4      | Reached XP level 6. HP: 52/52 MP: 5/5
  2427 | D:4      | Found a broken altar of Ashenzari.
  2644 | D:4      | Found a staircase to the Ecumenical Temple.
  2653 | Temple   | Entered the Ecumenical Temple
  2746 | D:4      | Noticed Edmund
  2846 | D:3      | HP: 1/53 [acid (7)]
  2847 | D:3      | Slain by a jelly

Illustrated notes

Levels and vault maps discovered:
D:1:      minmay_arrival_glassed_features, layout_basic,
          chequers_ecumenical_altar_simple
D:2:      layout_loops_ring, serial_shops, nicolae_shop_bloodbath_and_beyond,
          uniq_sigmund
D:3:      layout_loops_ring, amcnicky_altar_gilded,
          nicolae_wu_jian_glorious_leap, kennysheep_jessica_study
D:4:      layout_loops_corners, mainiacjoe_overflow_surrounded_room,
          minmay_temple_entry_gardened_gates, serial_shops,
          nicolae_shop_statue_plus, uniq_edmund
Temple:   nicolae_temple_cloud_nine

Skill      XL: |  1  2  3  4  5  6 |
---------------+-------------------+-----
Stealth        | 1 |  1.0
Fighting       | 4 |  4.5
Ranged Weapons | 6 |  6.7
Dodging        | 3 4 |  4.1
Armour         | 1 |  1.6
Throwing       | |  0.7
Evocations     | |  0.5

Action                   |  1- 3 |  4- 6 || total
-------------------------+-------+-------++-------
 Fire: Shortbow          |    96 |    75 ||   171
  Use: Scroll            |       |     7 ||     7
       Potion            |       |     1 ||     1
Armor: Leather armour    |     8 |       ||     8
       Robe              |       |     7 ||     7
Dodge: Dodged            |    21 |    23 ||    44

Table legend: (Time is in decaauts)
 A = Elapsed time spent in this place.
 B = Non-inter-level travel time spent in this place.
 C = Inter-level travel time spent in this place.
 D = Time resting spent in this place.
 E = Time spent auto-exploring this place.
 F = Levels seen in this place.
 G = Mean time per level.
                   A        B        C        D        E       F      G
               +--------+--------+--------+--------+--------+-----+--------+
         Total |   2889 |   2726 |    163 |      0 |   2297 |   5 |  577.8 |
       Dungeon |   2834 |   2675 |    159 |      0 |   2261 |   4 |  708.5 |
        Temple |     54 |     50 |      4 |      0 |     36 |   1 |   54.0 |
               +--------+--------+--------+--------+--------+-----+--------+

Top non-repeatable levels by time:
     D:1: 960 daAuts
     D:2: 701 daAuts
     D:3: 618 daAuts
     D:4: 553 daAuts
  Temple: 54 daAuts
